 Dungeon Crawl Stone Soup version 0.22-a0-480-g991dd4b (webtiles) character file.

46 CougarLife the Ducker (level 3, 29/29 HPs)
             Began as a Demonspawn Gladiator on June 14, 2018.
             Got out of the dungeon alive.
             The game lasted 00:01:04 (1062 turns).

CougarLife the Ducker (Demonspawn Gladiator)        Turns: 1062, Time: 00:01:05

Health: 29/29      AC:  4    Str: 15    XL:     3   Next: 46%
Magic:  3/3        EV: 13    Int:  9    God:
Gold:   53         SH:  0    Dex: 14    Spells: 2/2 levels left

rFire    . . .     SeeInvis .   a - +0 war axe
rCold    . . .     Gourm    .   (no shield)
rNeg     . . .     Faith    .   b - +0 leather armour
rPois    .         Spirit   .   c - +0 helmet
rElec    .         Reflect  .   (no cloak)
rCorr    .         Harm     .   (no gloves)
MR       .....                  (no boots)
Stlth    +.........             (no amulet)
HPRegen  0.09/turn              (no ring)
MPRegen  0.08/turn              (no ring)

@: no status effects
A: powered by pain 1
a: no special abilities


You escaped.
You were hungry.

You visited 1 branch of the dungeon, and saw 1 of its levels.

You collected 53 gold pieces.

Inventory:

Hand Weapons
 a - a +0 war axe (weapon)
Missiles
 d - 3 throwing nets (quivered)
Armour
 b - a +0 leather armour (worn)
 c - a +0 helmet (worn)
Scrolls
 e - a scroll of remove curse {unknown}
 h - a scroll of amnesia {unknown}
 i - a scroll of fog {unknown}
Potions
 g - a potion of might {unknown}
Comestibles
 f - 2 rations


   Skills:
 + Level 3.1 Fighting
 - Level 2.6 Axes
 - Level 1.7 Throwing
 + Level 3.4 Dodging


You had 2 spell levels left.
You didn't know any spells.
Your spell library was empty.

Dungeon Overview and Level Annotations

Branches:
Dungeon (1/15)

Altars:


Innate Abilities, Weirdness & Mutations

You sometimes gain a little power by taking damage.


Message History

No target in view!
You are feeling hungry.
No target in view!
Found an escape hatch in the floor.
Partly explored, can't reach some items and places.
No target in view!
Partly explored, can't reach some items and places.
No target in view!
Partly explored, can't reach some items and places.
No target in view!
Partly explored, can't reach some items and places.
There is an open door here.
You see here a spear.
You see here a helmet.
There is an open door here.
You see here a stone.
There is a staircase leading out of the dungeon here.
You can't go down here!
Are you sure you want to leave the Dungeon?
This will make you lose the game!
You have escaped!

#?...≈.....§...........≈.....#
#....≈§.###########'##.≈..!..#
#...§≈..##........).##.≈.....####
#....≈..##.(.......###.§.....#...
#....≈≈.##.)....[..##.≈≈.....####
#....≈..####.########..≈§.§..#...
#....≈..####'########..≈.....####
#....≈≈...##.(....##..≈≈.....#
#....≈....##....@(##...≈.....#
#....§....##......##...≈.....####
#....≈§...##########..≈≈.....#...
#....≈≈≈≈.##########§≈§§.....####
#....§≈≈≈...§.......§§≈≈.....#
#....§≈≈≈§≈≈.......≈§≈≈§§....#
#......§§§≈≈≈≈....≈§≈≈§≈§....#
#........§.≈≈§≈≈≈≈≈≈≈≈§§.....####
#............≈≈≈≈≈§≈....(....#...


There were no monsters in sight!

Vanquished Creatures
  2 oozes (D:1)
  A leopard gecko (D:1)
  2 giant cockroaches (D:1)
  6 goblins (D:1)
  4 hobgoblins (D:1)
  2 jackals (D:1)
  4 kobolds (D:1)
  3 ball pythons (D:1)
  3 bats (D:1)
  2 frilled lizards (D:1)
  6 rats (D:1)
35 creatures vanquished.

Notes
Turn   | Place    | Note
-------+----------+-------------------------------------------
     0 | D:1      | CougarLife the Demonspawn Gladiator began the quest for the Orb.
     0 | D:1      | Reached XP level 1. HP: 16/16 MP: 1/1
   247 | D:1      | Gained mutation: You sometimes gain a little power by taking damage. [demonic ancestry]
   247 | D:1      | Reached XP level 2. HP: 15/23 MP: 2/2
   477 | D:1      | Reached XP level 3. HP: 19/28 MP: 3/3
  1062 | D:$      | Got out of the dungeon alive.

Vault maps used:
D:1:      erik_arrival_gehennom

Skill      XL: |  1  2  3 |
---------------+----------+-----
Dodging        | 3 |  3.4
Fighting       | 3 |  3.1
Axes           | |  2.6
Throwing       | |  1.7

Action                   || total
-------------------------++-------
Melee: War axe           ||    81
Armor: Leather armour    ||    29
Dodge: Dodged            ||    70

Table legend:
 A = Spawn XP
 B = Non-spawn XP
 C = Spawn XP percentage of total XP
 D = Spawn monster count
 E = Non-spawn monster count
 F = Spawn count percentage of total count
 G = Total turns spent on level
                    A         B        C        D         E        F      G
               +---------+---------+-------+---------+---------+-------+---------
         Total |       0 |      67 |   0.0 |       0 |      35 |   0.0 |  1062
               +---------+---------+-------+---------+---------+-------+---------
           D:1 |       0 |      67 |   0.0 |       0 |      35 |   0.0 |  1062
               +---------+---------+-------+---------+---------+-------+---------
